 Dungeon Sprint DCSS version bcrawl-1.19.2-6-g6a88ae04c9 (webtiles) character file.

Game seed: 5114020751432493948

42 Freyura the Covered (level 3, -2/24 HPs)
             Began as a Gargoyle Fighter on Jan 5, 2020.
             Was an Initiate of Ru.
             Slain by a cyan ugly thing (11 damage)
             ... in the Dungeon (Sprint IX: "|||||||||||||||||||||||||||||").
             The game lasted 00:02:49 (409 turns).

Freyura the Covered (Gargoyle Fighter)               Turns: 409, Time: 00:02:50

Health: -2/24      AC: 13    Str: 22    XL:     3   Next: 56%
Magic:  3/3        EV:  9    Int:  8    God:    Ru [......]
Gold:   0          SH:  0    Dex: 13    Spells: 2/2 levels left

rFire    . . .     SeeInvis .   a - +0 flail
rCold    . . .     Gourm    .   (no shield)
rNeg     + . .     Faith    .   r - +1 scale mail
rPois    ∞         Spirit   .   (no helmet)
rElec    +         Reflect  .   p - +0 cloak
rCorr    .         Harm     .   q - +0 pair of gloves
MR       .....     NoTele   +   (no boots)
Stlth    ..........             (no amulet)
HPRegen  0.08/turn              s - +3 ring of dexterity
MPRegen  0.08/turn              t - +3 ring of strength

@: no status effects
A: negative energy resistance 1, electricity resistance, unbreathing,
petrification resistance, rot immunity, AC +3
a: Renounce Religion


You were in the Dungeon.
You worshipped Ru.
Ru was noncommittal.
You were not hungry.

You visited 1 branch

Inventory:

Hand Weapons
 a - a +0 flail (weapon)
 o - a +2 dire flail of crushing
Armour
 b - a +0 scale mail
 c - a +0 shield
 p - a +0 cloak (worn)
 q - a +0 pair of gloves (worn)
 r - a +1 scale mail (worn)
Jewellery
 s - a +3 ring of dexterity (left hand)
 t - a +3 ring of strength (right hand)
Wands
 n - a wand of acid (10)
Scrolls
 k - 2 scrolls of blinking
 l - 3 scrolls of remove curse
 m - 2 scrolls of amnesia
Potions
 d - a potion of might
 e - 5 potions of curing
 g - a potion of heal wounds
 h - a potion of haste
 i - 4 potions of magic
 j - a potion of invisibility
Comestibles
 f - a ration {!d}


   Skills:
 + Level 4.6 Fighting
 * Level 4.6 Maces & Flails
 + Level 4.6 Armour
 + Level 0.0 Dodging
 + Level 4.6 Shields


You had 2 spell levels left.
You didn't know any spells.
Your spell library was empty.

Dungeon Overview and Level Annotations

Branches:
Dungeon (1/1)

Altars:
Cheibriados
Dithmenos
Elyvilon
Fedhas
Gozag
Hepliaklqana
Kikubaaqudgha
Lugonu
Makhleb
Nemelex Xobeh
Okawaru
Qazlal
Ru
Sif Muna
Trog
Uskayaw
Vehumet
Wu Jian
Xom
Yredelemnul
Zin
The Shining One
Beogh
Jiyva


Innate Abilities, Weirdness & Mutations

You are resistant to torment.
Your stone body is resilient. (AC +3)
You are immune to poison.
You resist negative energy. (rN+)
You are resistant to electric shocks. (rElec)
You can survive without breathing.
You are immune to petrification.
You are immune to rotting.


Message History

You hit the cyan ugly thing but do no damage.
The cyan ugly thing is heavily wounded.
The cyan ugly thing punches you. The cyan ugly thing shocks you. You resist.
The cyan ugly thing punches you but does no damage.
You hit the cyan ugly thing.
The cyan ugly thing is heavily wounded.
The cyan ugly thing punches you but does no damage.
You hit the cyan ugly thing.
The cyan ugly thing is heavily wounded.
The cyan ugly thing punches you. The cyan ugly thing shocks you. You resist.
* * * LOW HITPOINT WARNING * * *
You feel much better. The cyan ugly thing punches you!
The cyan ugly thing shocks you. You resist.
You sock the cyan ugly thing!
The cyan ugly thing is severely wounded.
The cyan ugly thing punches you but does no damage.
You barely miss the cyan ugly thing.
The cyan ugly thing is severely wounded.
The cyan ugly thing punches you!
You die...

▓.▓
▓.▓
▓|▓
▓)▓
▓.▓
▓.▓
▓.▓
▓.▓
▓@▓
▓u▓
▓y▓
▓Y▓
▓h▓
▓t▓
▓Z▓
▓.▓


You could see a cyan ugly thing, a crocodile, an ice beast, a hound, a killer
bee and a bat zombie.

Vanquished Creatures
  An iguana (D)
  An adder (D)
  An orc (D)
  2 hobgoblins (D)
  A ball python zombie (D)
  A bat (D)
  A kobold (D)
  A leopard gecko zombie (D)
  A rat (D)
10 creatures vanquished.

Notes
Turn   | Place    | Note
-------+----------+-------------------------------------------
     0 | D        | Freyura the Gargoyle Fighter began the quest for the Orb.
     0 | D        | Reached XP level 1. HP: 14/14 MP: 1/1
    48 | D        | Noticed an iguana
    60 | D        | HP: 1/22 [iguana (9)]
    61 | D        | Killed an iguana
    61 | D        | Reached XP level 2. HP: 1/20 MP: 2/2
    61 | D        | Reached XP level 3. HP: 2/24 MP: 3/3
   312 | D        | Found a roughly hewn altar of Beogh.
   312 | D        | Found a snail-covered altar of Cheibriados.
   312 | D        | Found a shadowy altar of Dithmenos.
   312 | D        | Found a white marble altar of Elyvilon.
   312 | D        | Found a blossoming altar of Fedhas.
   312 | D        | Found an opulent altar of Gozag.
   313 | D        | Found a hazy altar of Hepliaklqana.
   314 | D        | Found a viscous altar of Jiyva.
   315 | D        | Found an ancient bone altar of Kikubaaqudgha.
   316 | D        | Found a corrupted altar of Lugonu.
   317 | D        | Found a burning altar of Makhleb.
   318 | D        | Found a sparkling altar of Nemelex Xobeh.
   319 | D        | Found an iron altar of Okawaru.
   320 | D        | Found a stormy altar of Qazlal.
   321 | D        | Found a sacrificial altar of Ru.
   322 | D        | Found a shimmering blue altar of Sif Muna.
   323 | D        | Found a bloodstained altar of Trog.
   324 | D        | Found a hide-covered altar of Uskayaw.
   325 | D        | Found a radiant altar of Vehumet.
   326 | D        | Found an ornate altar of the Wu Jian Council.
   327 | D        | Found a shimmering altar of Xom.
   328 | D        | Found a basalt altar of Yredelemnul.
   329 | D        | Became a worshipper of Ru the Awakened
   330 | D        | Found a glowing silver altar of Zin.
   331 | D        | Found a glowing golden altar of the Shining One.
   386 | D        | Noticed a killer bee
   386 | D        | Noticed a cyan ugly thing
   386 | D        | Noticed an ice beast
   386 | D        | Noticed a crocodile
   409 | D        | Slain by a cyan ugly thing

Skill      XL: |  1 |
---------------+----+-----
Fighting       | 4 |  4.6
Maces & Flails | 4 |  4.6
Armour         | 4 |  4.6
Shields        | 4 |  4.6

Action                   || total
-------------------------++-------
Melee: Flail             ||    59
  Use: Potion            ||     3
Armor: Scale mail        ||    24
Dodge: Dodged            ||    20
Block: Shield            ||    14
